 Dungeon Crawl Stone Soup version 0.29-a0-317-gd16b76e6b1 (webtiles) character file.

Game seed: 1600734399350804068

3096 kae the Arsonist (level 9, -8/52 HPs)
             Began as a Tengu Fire Elementalist on Mar 31, 2022.
             Was a Follower of Vehumet.
             Mangled by a brown ugly thing (13 damage)
             ... on level 8 of the Dungeon.
             The game lasted 00:06:19 (9011 turns).

kae the Arsonist (Tengu Fire Elementalist)          Turns: 9011, Time: 00:06:20

Health: -8/52      AC:  1    Str:  8    XL:     9   Next: 90%
Magic:  0/17       EV: 17    Int: 21    God:    Vehumet [*.....]
Gold:   362        SH:  0    Dex: 14    Spells: 11/17 levels left

rFire   + + .      SeeInvis .   d - staff of fire
rCold   x . .      Faith    .   (no shield)
rNeg    . . .      Spirit   +   a - +0 robe
rPois   +          Reflect  .   (helmet restricted)
rElec   .          Harm     .   c - +2 cloak {rPois}
rCorr   .          Rampage  .   (no gloves)
Will    .....                   (boots unavailable)
Stlth   ++........              b - amulet of guardian spirit
HPRegen 0.17/turn               x - ring of fire
MPRegen 0.15/turn               r - ring of poison resistance

@: about to teleport, corroded, flying quickly and evasively, quick
A: beak, talons 3, nimble flight
a: Renounce Religion


You were on level 8 of the Dungeon.
You worshipped Vehumet.
Vehumet was aware of your devotion.
You visited 2 branches of the dungeon, and saw 9 of its levels.

You collected 362 gold pieces.

Inventory:

Hand Weapons
 f - a +1 vorpal dagger
Armour
 a - a +0 robe (worn)
 c - a +2 cloak of poison resistance (worn)
Magical Staves
 d - a staff of fire (weapon)
Jewellery
 b - an amulet of guardian spirit (around neck)
 r - a ring of poison resistance (right hand)
 x - a ring of fire (left hand)
 z - a ring of resist corrosion
Wands
 n - a wand of flame (60)
 v - a wand of charming (6)
Scrolls
 e - a scroll of enchant weapon
 i - 3 scrolls of vulnerability
 j - a scroll of noise {unknown}
 p - 3 scrolls of fog
 s - 2 scrolls of teleportation
 u - a scroll of magic mapping
 y - a scroll of identify
Potions
 g - 2 potions of attraction
 h - a potion of ambrosia
 k - 4 potions of haste
 l - a potion of resistance
 m - 4 potions of curing
 o - 3 potions of degeneration
 q - a potion of berserk rage
 t - 2 potions of flight
 w - 4 potions of heal wounds {unknown}


   Skills:
 + Level 4.4 Fighting
 + Level 5.0 Armour
 + Level 5.5 Dodging
 - Level 2.0 Stealth
 + Level 4.7 Spellcasting
 + Level 6.3 Conjurations
 * Level 8.3 Fire Magic
 + Level 4.3 Evocations


You had 11 spell levels left.
You knew the following spells:

 Your Spells              Type           Power      Damage    Failure   Level
a - Foxfire               Conj/Fire      100%       2x1d9     1%          1
b - Scorch                Fire           100%       2d10      1%          2
c - Conjure Flame         Conj/Fire      69%        6-21      1%          3

Your spell library contained the following spells:

 Spells                   Type           Power      Damage    Failure   Level
 Shock                    Conj/Air       72%        1d7       3%          1
 Flame Wave               Conj/Fire      69%        2d13      5%          4
 Inner Flame              Hex/Fire       50%        N/A       6%          3
 Stone Arrow              Conj/Erth      36%        3d9       9%          3
 Sandblast                Erth           8%         2d5       11%         1
 Passwall                 Tmut/Erth      3%         N/A       17%         2
 Frozen Ramparts          Ice            8%         1d2       32%         3
 Ice Form                 Ice/Tmut       4%         N/A       73%         4
 Summon Ice Beast         Ice/Summ       4%         N/A       73%         4


Dungeon Overview and Level Annotations

Branches:
Dungeon (8/15)             Temple (1/1) D:6
   Lair: D:8-11

Altars:
Ashenzari
Cheibriados
Dithmenos
Elyvilon
Fedhas
Gozag
Hepliaklqana
Kikubaaqudgha
Makhleb
Nemelex Xobeh
Okawaru
Qazlal
Ru
Sif Muna
Trog
Uskayaw
Vehumet
Wu Jian
Xom
Yredelemnul
Zin

Shops:
D:6 :

Annotations:
D:6 Eustachio
D:8 3 runed translucent doors, exclusions: cyclops, upstairs and 6 more exclusions, benappo's ghost, novice HOFi


Innate Abilities, Weirdness & Mutations

You have a beak for a mouth.
You have claws for feet.
Your magical nature lets you fly swiftly and evasively.


Message History

Casting: Scorch (safe; 1% risk of failure)
Confirm with . or Enter, or press ? or * to list all spells.
You feel a strong surge of power!
Flames lash the black bear.
The black bear is burned terribly!
You kill the black bear!
Vehumet accepts your kill.
A brown ugly thing comes into view.
Casting: Scorch (safe; 1% risk of failure)
Confirm with . or Enter, or press ? or * to list all spells.
You feel a strong surge of power!
Flames lash the brown ugly thing but do no damage.
Casting: Scorch (safe; 1% risk of failure)
Confirm with . or Enter, or press ? or * to list all spells.
You feel a strong surge of power!
Flames lash the brown ugly thing.
The brown ugly thing is lightly wounded.
The brown ugly thing's fire resistance burns away.
The brown ugly thing claws you.
You are splashed with acid!
The brown ugly thing completely misses you.
A brown ugly thing is nearby!
The brown ugly thing attacks as you move away!
The brown ugly thing claws you!
You are splashed with acid!
The brown ugly thing attacks as you move away!
The brown ugly thing claws you.
You are splashed with acid.
* * * LOW HITPOINT WARNING * * *
The brown ugly thing is no longer more vulnerable to fire.
Okay, then.
Okay, then.
As you read the scroll of teleportation, it crumbles to dust.
You feel strangely unstable. The brown ugly thing misses you.
You see here a sky beast corpse.
The brown ugly thing attacks as you move away!
The brown ugly thing misses you.
The brown ugly thing attacks as you move away!
The brown ugly thing claws you.
* * * LOW HITPOINT WARNING * * *
The acid corrodes you!
You are splashed with acid.
* * * LOW HITPOINT WARNING * * *
The brown ugly thing attacks as you move away!
The brown ugly thing claws you!
You die...

....................
................##.##...
...................####.
........................
.#..###......................
............................ .
#......##................... ..
##.......#...........###+++##
... ...........@....#...#J.J...K
...##........u...#.#...#NN.N...
..........##....###.#...#W#...#.
....##....##†.†...#.....#J.#.#..
..............##........#c#..J#.
.#...#.......####.......#..$:$..
#.. #.......###.....#..# ......
# #..............##..# ######
#.............## .........


You could see a brown ugly thing.

Vanquished Creatures
  Maggie (D:7)
  Prince Ribbit (D:6)
  A wyvern (D:8)
  3 black bears
  2 sky beasts
  2 ogres
  3 centaurs
  3 phantoms
  A kobold brigand (D:6)
  Blork the orc (D:5)
  4 bullfrogs
  3 necrophages
  2 scorpions
  6 wights (D:7)
  A hound (D:5)
  2 jellies (D:6)
  An orc priest (D:7)
  2 iguanas (D:3)
  Terence (D:3)
  An orc wizard (D:7)
  Robin (D:3)
  6 adders
  A shadow imp (D:7)
  2 white imps
  3 ufetubi
  2 worms
  10 orcs
  3 endoplasms
  3 giant cockroaches
  18 goblins
  7 hobgoblins
  4 jackals (D:1)
  9 kobolds
  6 quokkas
  6 ball pythons
  8 bats
  3 frilled lizards
  7 rats
140 creatures vanquished.

Vanquished Creatures (collateral kills)
  6 foxfires (D:1)
6 creatures vanquished.

Vanquished Creatures (others)
  369 foxfires
369 creatures vanquished.

Grand Total: 515 creatures vanquished

Notes
Turn   | Place    | Note
-------+----------+-------------------------------------------
     0 | D:1      | kae the Tengu Fire Elementalist began the quest for the
                  | Orb.
     0 | D:1      | Reached XP level 1. HP: 10/10 MP: 4/4
   104 | D:1      | Reached XP level 2. HP: 10/15 MP: 1/6
   323 | D:1      | Reached skill level 1 in Armour
   390 | D:1      | Found a faded altar of an unknown god.
   778 | D:1      | Reached XP level 3. HP: 19/20 MP: 5/7
  1376 | D:1      | Identified a scroll of acquirement
  1376 | D:1      | Acquired a +1 cloak of poison resistance
  1617 | D:2      | Reached skill level 4 in Fire Magic
  2157 | D:2      | Learned a level 2 spell: Scorch
  2161 | D:2      | Learned a level 3 spell: Conjure Flame
  2164 | D:2      | Acquired a staff of fire
  2280 | D:3      | Reached XP level 4. HP: 24/24 MP: 2/8
  2455 | D:3      | Noticed Terence
  2464 | D:3      | Killed Terence
  2465 | D:3      | Reached skill level 1 in Fighting
  2542 | D:3      | Gained mutation: Your magical nature lets you fly swiftly
                  | and evasively. [Tengu growth]
  2542 | D:3      | Reached XP level 5. HP: 29/29 MP: 2/9
  2716 | D:3      | Noticed Robin
  2799 | D:3      | Killed Robin
  2945 | D:3      | You are sucked into a shaft and drop 1 floor!
  2945 | D:4      | Noticed an ogre
  2946 | D:4      | Found an opulent altar of Gozag.
  2957 | D:4      | Noticed a phantom
  2972 | D:4      | Killed a phantom
  2973 | D:4      | Reached skill level 1 in Evocations
  2973 | D:4      | Reached XP level 6. HP: 15/34 MP: 10/10
  2976 | D:4      | Reached skill level 5 in Fire Magic
  2980 | D:4      | HP: 1/35 [hobgoblin (1)]
  3428 | D:3      | Found a shadowy altar of Dithmenos.
  4262 | D:5      | Entered Level 5 of the Dungeon
  4657 | D:5      | Noticed a sky beast
  4665 | D:5      | Killed a sky beast
  4666 | D:5      | Reached XP level 7. HP: 40/40 MP: 8/12
  4778 | D:5      | Noticed Blork the orc
  4786 | D:5      | Killed Blork the orc
  5104 | D:5      | Found a burning altar of Makhleb.
  5104 | D:5      | Noticed a green death
  5657 | D:6      | Reached skill level 6 in Fire Magic
  5657 | D:6      | Reached XP level 8. HP: 33/45 MP: 6/14
  5868 | D:6      | Found a staircase to the Ecumenical Temple.
  5876 | Temple   | Entered the Ecumenical Temple
  5880 | Temple   | Became a worshipper of Vehumet
  6181 | D:6      | Noticed Eustachio
  6187 | D:6      | Found Gadati's Book Shoppe.
  6759 | D:6      | Reached skill level 5 in Conjurations
  6871 | D:6      | Noticed Prince Ribbit
  6881 | D:6      | Reached skill level 7 in Fire Magic
  6882 | D:6      | Killed Prince Ribbit
  6883 | D:6      | Reached XP level 9. HP: 44/51 MP: 3/16
  7048 | D:7      | Found a shimmering altar of Xom.
  7053 | D:7      | Found a shimmering blue altar of Sif Muna.
  7057 | D:7      | Found a glowing silver altar of Zin.
  7221 | D:7      | Found a hide-covered altar of Uskayaw.
  7266 | D:7      | Noticed Maggie
  7307 | D:7      | Killed Maggie
  7308 | D:7      | Reached skill level 5 in Dodging
  8408 | D:8      | Noticed a cyclops
  8487 | D:7      | Reached skill level 8 in Fire Magic
  8622 | D:7      | Reached * piety under Vehumet
  8622 | D:7      | Offered knowledge of Shock by Vehumet.
  8851 | D:8      | Noticed benappo's ghost (novice HOFi)
  8852 | D:8      | Found a runed translucent gate.
  8852 | D:8      | Found a runed translucent gate.
  8853 | D:8      | Found a runed translucent gate.
  8914 | D:8      | Reached skill level 5 in Armour
  8996 | D:8      | Noticed a brown ugly thing
  9011 | D:8      | Mangled by a brown ugly thing

Illustrated notes

Levels and vault maps discovered:
D:1:      wheals_arrival_linesprint, layout_basic, shapermc_ecumenical_altar_gd
D:2:      layout_basic
D:3:      layout_rooms, grunt_dithmenos_smoke_and_mirrors, uniq_terence,
          uniq_robin
D:4:      layout_cave_pods, lemuel_crystal_altar
D:5:      layout_loops_ring, makhleb_altar_promises_db, uniq_blork_the_orc
D:6:      minmay_inner_zag, layout_rooms, minmay_temple_entry_trees,
          serial_shops, kennysheep_mini_moat, item_on_display_a,
          uniq_prince_ribbit1, uniq_eustachio
D:7:      layout_basic, eat_drink_and_be_merry_uskayaw,
          nicolae_overflow_hidden_temple, uniq_maggie
D:8:      cheibrodos_elevator_heist, layout_cave_pools, gammafunk_ghost_split,
          minmay_chambers_of_fives
Temple:   zaba_magenta_temple

Skill      XL: |  1  2  3  4  5  6  7  8  9 |
---------------+----------------------------+-----
Armour         | 1 2 3 4 5 |  5.0
Conjurations   | 2 3 4 5 6 |  6.3
Fire Magic     | 4 5 6 7 8 |  8.3
Fighting       | 1 2 3 4 |  4.4
Dodging        | 3 4 5 |  5.5
Evocations     | 1 2 3 4 |  4.3
Spellcasting   | 3 4 |  4.7
Stealth        | |  2.0

Action                   |  1- 3 |  4- 6 |  7- 9 || total
-------------------------+-------+-------+-------++-------
Melee: Unarmed           |    13 |       |       ||    13
       Kick              |     6 |    10 |     2 ||    18
       Dagger            |    21 |       |       ||    21
       Peck              |     2 |     3 |     2 ||     7
       Staff             |       |    25 |     7 ||    32
       Punch             |       |       |     1 ||     1
 Cast: Foxfire           |    71 |    60 |    98 ||   229
       Scorch            |       |     9 |    74 ||    83
       Conjure Flame     |       |       |     3 ||     3
  Use: Potion            |     1 |     2 |     1 ||     4
       Scroll            |    12 |     4 |     6 ||    22
 Stab: Sleeping          |     1 |       |     2 ||     3
Armor: Robe              |    20 |    13 |    24 ||    57
Dodge: Dodged            |    57 |    52 |    81 ||   190

Table legend: (Time is in decaauts)
 A = Elapsed time spent in this place.
 B = Non-inter-level travel time spent in this place.
 C = Inter-level travel time spent in this place.
 D = Time resting spent in this place.
 E = Time spent auto-exploring this place.
 F = Levels seen in this place.
 G = Mean time per level.
                   A        B        C        D        E       F      G
               +--------+--------+--------+--------+--------+-----+--------+
         Total |   8680 |   8386 |    294 |    437 |   6702 |   9 |  964.4 |
       Dungeon |   8612 |   8336 |    276 |    437 |   6659 |   8 | 1076.5 |
        Temple |     68 |     51 |     17 |      0 |     43 |   1 |   68.0 |
               +--------+--------+--------+--------+--------+-----+--------+

Top non-repeatable levels by time:
     D:7: 1640 daAuts
     D:1: 1434 daAuts
     D:6: 1371 daAuts
     D:5: 1200 daAuts
     D:3: 1090 daAuts
     D:4: 889 daAuts
     D:2: 753 daAuts
     D:8: 232 daAuts
  Temple: 68 daAuts
